AoeStats
← Hidalgo

Nomad

510279772Analyzed
4v4 RM · 1d ago on Sep 30, 2026· 53m 27s· 8 players
Game mode
Random Map
Map size
231×231
Population
200
Speed
Normal
Resources
Standard
Victory
Conquest
Starting age
Dark Age
Ending age
Imperial Age
RankedLock teamsTeams togetherTeam positionsShared explorationLock speedFull tech treeHidden civsTurbo modeCheats
Victory
Defeat
🇹🇼 Britons · Taiwan
1072
+11
🇰🇷 Bengalis · South Korea
984
+14
🇰🇷 Bohemians · South Korea
983
+14
🇦🇺 Wei · Australia
946
+17
🇲🇾 Vietnamese · Malaysia
1098
-19
🇧🇷 Britons · Brazil
942
-14
🇹🇷 Franks · Türkiye
897
-12
🇫🇷 Poles · France
869
-11
Pitcher
4:32 Loom
5:26 Loom
5:37 Loom
6:12 Loom
6:41 Loom
7:24 Loom
16:10 Feudal Age
17:29 Horse Collar
21:16 Castle Age
20:08 Double-Bit Axe
23:21 Wheelbarrow
23:38 Fervor
23:47 Bow Saw
29:05 Redemption
30:48 Hand Cart
31:38 Wagenburg Tactics
32:36 Husbandry
36:23 Imperial Age
33:47 Pikeman
34:27 Squires
34:29 Scale Mail Armor
36:44 Halberdier
37:35 Forging
37:41 Chain Mail Armor
36:47 Elite Hussite Wagon
37:49 Conscription
39:12 Iron Casting
42:50 Chemistry
42:11 Ballistics
42:56 Fortified Wall
43:13 Murder Holes
43:42 Ballistics
45:12 Two-Man Saw
52:59 Hussite Reforms
KingJo
8:19 Loom
15:37 Feudal Age
19:31 Castle Age
17:24 Double-Bit Axe
17:33 Gold Mining
20:07 Fishing Lines
20:53 Bow Saw
20:26 Horse Collar
22:59 Wheelbarrow
24:06 Fletching
27:00 Heavy Plow
26:48 Town Watch
27:36 Ballistics
28:20 Bodkin Arrow
29:19 Padded Archer Armor
29:39 Thumb Ring
34:56 Imperial Age
32:51 Leather Archer Armor
33:52 Hand Cart
34:38 Gold Shaft Mining
35:27 Tuntian
36:40 Chemistry
35:42 Bracer
36:51 Ring Archer Armor
37:51 Scale Barding Armor
40:45 Conscription
45:25 Bloodlines
44:36 Light Cavalry
45:39 Chain Barding Armor
45:29 Forging
46:10 Ming Guang Armor
46:32 Hussar
47:21 Heavy Hei Guang Cavalry
49:25 Iron Casting
53:52 Blast Furnace
gina2620
3:08 Loom
17:32 Feudal Age
20:44 Fletching
25:21 Castle Age
25:20 Padded Archer Armor
26:31 Leather Archer Armor
26:13 Bodkin Arrow
25:52 Crossbowman
28:06 Leather Archer Armor
41:33 Double-Bit Axe
42:40 Bow Saw
48:09 Ballistics
light
5:34 Loom
17:03 Feudal Age
18:34 Double-Bit Axe
21:28 Castle Age
19:39 Horse Collar
19:44 Fishing Lines
20:06 Gold Mining
22:33 Bow Saw
22:58 Medium Warships
22:47 Gillnets
23:46 Wheelbarrow
28:16 Heavy Plow
29:35 Hand Cart
35:10 Imperial Age
32:58 Fletching
33:09 Padded Archer Armor
33:19 Forging
36:35 Elite Battle Elephant
38:41 Iron Casting
38:11 Scale Barding Armor
38:29 Paiks
39:31 Husbandry
40:36 Conscription
40:47 Chain Barding Armor
41:42 Blast Furnace
42:30 Bloodlines
46:20 Light Cavalry
47:44 Plate Barding Armor
51:34 Two-Man Saw
51:06 Crop Rotation
PsicoDelico
11:17 Loom
17:00 Loom
19:09 Feudal Age
20:03 Town Watch
20:02 Fishing Lines
20:35 Gold Mining
20:44 Double-Bit Axe
24:23 Castle Age
22:14 Fletching
25:15 Gillnets
24:50 Crossbowman
25:27 Bodkin Arrow
26:49 Wheelbarrow
33:23 Horse Collar
36:34 Hand Cart
37:45 Padded Archer Armor
42:46 Yeomen
45:30 Imperial Age
46:28 Arbalester
47:13 Bracer
47:31 Leather Archer Armor
49:21 Chemistry
48:13 Light Cavalry
50:59 Conscription
52:19 Ring Archer Armor
52:22 Ballistics
NomadRider5217
3:34 Loom
16:38 Feudal Age
17:13 Fishing Lines
20:02 Wheelbarrow
19:13 Town Watch
19:40 Stone Mining
24:03 Gold Mining
24:02 Double-Bit Axe
28:33 Bloodlines
30:26 Castle Age
30:16 Forging
30:29 Scale Barding Armor
31:56 Bow Saw
32:03 Medium Warships
31:55 Gillnets
31:35 Light Cavalry
32:15 Husbandry
33:47 Hand Cart
34:12 Stone Shaft Mining
34:44 Husbandry
35:11 Szlachta Privileges
34:57 Horse Collar
36:01 Heavy Plow
39:39 Forging
39:20 Fletching
46:31 Bodkin Arrow
47:24 Iron Casting
49:50 Scale Mail Armor
51:53 Man-at-Arms
52:33 Squires
51:55 Pikeman
52:21 Arson
Hidalgo
14:03 Feudal Age
17:39 Stone Mining
18:38 Gold Mining
22:07 Castle Age
20:51 Double-Bit Axe
26:16 Fletching
31:22 Imperial Age
29:23 Forging
31:32 Scale Barding Armor
32:21 Wheelbarrow
32:42 Ballistics
32:53 Cavalier
35:08 Bodkin Arrow
36:37 Chemistry
36:37 Chain Barding Armor
37:18 Iron Casting
38:12 Plate Barding Armor
40:08 Paladin
46:48 Blast Furnace
49:54 Scale Mail Armor
Arvolen
9:25 Loom
17:08 Feudal Age
17:51 Double-Bit Axe
17:48 Horse Collar
18:46 Man-at-Arms
23:12 Forging
22:56 Arson
30:09 Castle Age
28:13 Gold Mining
29:08 Bloodlines
31:32 Husbandry
33:11 Scale Barding Armor
38:59 Chain Barding Armor
39:14 Iron Casting
39:25 Heavy Plow
45:34 Imperial Age
48:51 Fletching
49:01 Padded Archer Armor
48:43 Cavalier
49:14 Elite Skirmisher
49:59 Thumb Ring
50:04 Imperial Skirmisher
52:18 Bodkin Arrow
52:41 Light Cavalry
Connection lost

Rejoining the realm…

Still unreachable

The connection could not be restored.

Session expired

The server has moved on; the page needs a fresh start.